 Dungeon Crawl Stone Soup version 0.31.0-32-g396128a36d (webtiles) character file.

Game seed: 12102666572259462643

227 Vncvd the Ruffian (level 6, -10/39 HPs)
             Began as an Octopode Shapeshifter on Mar 29, 2024.
             Killed from afar by an orc wizard (15 damage)
             ... with a puff of flame
             ... on level 3 of the Dungeon.
             The game lasted 00:02:45 (2027 turns).

Vncvd the Ruffian (Octopode Shapeshifter)           Turns: 2027, Time: 00:02:46

Health: -10/39     AC:  1    Str: 16    XL:     6   Next: 2%
Magic:  8/8        EV: 13    Int: 12    God:
Gold:   170        SH:  4    Dex: 11    Spells: 8/8 levels left

rFire   . .          .
                       - Unarmed
rCold   . . .        (no shield)
rNeg    . . .        (helmet currently unavailable)
rPois   .            (no amulet)
rElec   .            (no ring)
rCorr   .            (no ring)
SInv    .            (no ring)
Will    .....        (no ring)
Stlth   +++          (no ring)
HPRegen 0.26/turn    (no ring)
MPRegen 0.11/turn    (no ring)
                     (no ring)

%: clarity
@: beast-form
A: beast (slay +2), almost no armour, amphibious, 8 rings, camouflage 1,
gelatinous body 1, (nimble swimmer 1), tentacles, tentacle spike 1, large bone
plates 1, clarity
a: Begin Untransformation


You were on level 3 of the Dungeon.
You were a hulking beast.
You visited 1 branch of the dungeon, and saw 3 of its levels.

You collected 170 gold pieces.

Inventory:

Armour
 m - a +1 hat
Talismans
 b - a beast talisman
 c - a flux talisman
Scrolls
 g - 2 scrolls of enchant armour {unknown}
 i - 3 scrolls of identify {unknown}
 j - a scroll of butterflies {unknown}
 k - a scroll of immolation {unknown}
 l - a scroll of teleportation {unknown}
Potions
 a - a potion of lignification
 d - a potion of ambrosia {unknown}
 e - a potion of mutation
 f - a potion of heal wounds {unknown}
 h - a potion of curing {unknown}
 n - a potion of degeneration {unknown}


   Skills:
 + Level 2.2 Fighting
 - Level 2.0 Dodging
 + Level 3.0 Stealth
 * Level 4.2 Unarmed Combat
 + Level 1.6 Spellcasting
 * Level 4.0 Shapeshifting


You had 8 spell levels left.
You didn't know any spells.
Your spell library contained the following spells:

 Spells                   Type           Power      Damage    Failure   Level
 Ensorcelled Hibernation  Hex/Ice        0%         N/A       41%         2
 Passwall                 Erth           0%         N/A       65%         3
 Swiftness                Air            0%         N/A       65%         3
 Ignite Poison            Fire/Alch      0%         N/A       96%         4
 Sticky Flame             Fire/Alch      0%         2d4       96%         4
 Ignition                 Fire           0%         3d3       100%        8


Dungeon Overview and Level Annotations

Branches:
Dungeon (3/15)

Altars:

Shops:
D:3 !


Innate Abilities, Weirdness & Mutations

You are a hulking beast.
Your limbs bulge with bestial killing power. (Slay +2)
You cannot wear most types of armour.
You are amphibious.
You can wear up to eight rings at the same time.
Your skin changes colour to match your surroundings (Stealth+).
Your rubbery body absorbs attacks. (AC +1, EV +1)
((You are camouflaged when in or above water. (Stealth+)))
You have tentacles for arms and can constrict up to eight enemies at once.
One of your tentacles bears a spike.
You are partially covered in large bone plates. (SH +4)
You possess an exceptional clarity of mind.


Message History

You kill the orc priest!
Your Stealth skill increases to level 3!
Your Shapeshifting skill increases to level 4!
You have reached level 6!
You barely miss the orc. You grab the orc. You constrict the orc.
The orc hits you with a +0 mace.
You tentacle-slap the orc but do no damage.
The orc is moderately wounded.
You constrict the orc. The orc misses you.
You tentacle-slap the orc.
You kill the orc!
You hear some strange, mumbled words.
A puff of flame appears from out of thin air!
The puff of flame hits you.
You barely miss the orc. Your grab misses the orc. The orc misses you.
You closely miss the orc. Your grab misses the orc. You bludgeon the orc!
You kill the orc!
You tentacle-slap something. You closely miss something. Something hits you.
You miss something. Something hits you.
You closely miss something. Something hits you.
You barely miss something. Something hits you.
You closely miss something. Something hits you.
* * * LOW HITPOINT WARNING * * *
You closely miss something. Something hits you.
* * * LOW HITPOINT WARNING * * *
You miss something. Something hits you but does no damage.
It was a potion of mutation.
You feel extremely strange.
Your thoughts seem clearer.
Large bone plates grow over parts of your tentacles.
One of your lower tentacles grows a sharp spike.
Something hits you.
* * * LOW HITPOINT WARNING * * *
You closely miss something.
Your tentacle spike misses something.
You squeeze something!
You hear some strange, mumbled words.
A puff of flame appears from out of thin air!
The puff of flame hits you!
You die...

#..#........
#....#####.#
#.#.##
.###.#..#####.#
..............#
##....#.#######
#.#.##.## #
###...## #.###h# .
#.#
##{.......########
#.
................ #
.......o........
#.......########
...... ......
##.###


There were no monsters in sight!

Vanquished Creatures
  3 orc priests (D:3)
  Jessica (D:2)
  5 adders
  11 orcs (D:3)
  6 endoplasms
  4 giant cockroaches
  8 goblins
  5 hobgoblins
  3 ball pythons
  2 bats (D:1)
  4 frilled lizards
  5 kobolds
  5 rats
62 creatures vanquished.

Notes
Turn   | Place    | Note
-------+----------+-------------------------------------------
     0 | D:1      | Vncvd the Octopode Shapeshifter began the quest for the
                  | Orb.
     0 | D:1      | Reached XP level 1. HP: 13/13 MP: 1/1
    94 | D:1      | Reached XP level 2. HP: 15/18 MP: 2/2
   236 | D:1      | Reached skill level 1 in Stealth
   377 | D:1      | Reached XP level 3. HP: 19/23 MP: 3/3
   485 | D:2      | Noticed Jessica
   493 | D:2      | Killed Jessica
   541 | D:2      | Reached skill level 1 in Spellcasting
   541 | D:2      | Reached XP level 4. HP: 26/28 MP: 5/5
  1526 | D:3      | Found Ynibo Wuch's Distillery.
  1603 | D:3      | Reached XP level 5. HP: 24/34 MP: 6/6
  1718 | D:3      | Found a faded altar of an unknown god.
  2012 | D:3      | Reached XP level 6. HP: 30/39 MP: 8/8
  2026 | D:3      | Gained mutation: You possess an exceptional clarity of
                  | mind. [potion of mutation]
  2026 | D:3      | Gained mutation: You are partially covered in large bone
                  | plates. (SH +4) [potion of mutation]
  2026 | D:3      | Gained mutation: One of your tentacles bears a spike.
                  | [potion of mutation]
  2027 | D:3      | Killed from afar by an orc wizard

Illustrated notes

Levels and vault maps discovered:
D:1:      minmay_arrival_shoal_huts, layout_rooms, grunt_decor_arrowhead
D:2:      layout_basic, nicolae_houndstooth_variations, uniq_jessica
D:3:      layout_loops_ring, pdpol_wu_jian_five_deadly_venoms, serial_shops,
          shop, hellmonk_ecumenical_altar_pennies_from_heaven

Skill      XL: |  1  2  3  4  5 |
---------------+----------------+-----
Stealth        | 1 2 3 |  3.0
Spellcasting   | 1 |  1.6
Unarmed Combat | 4 |  4.2
Fighting       | 2 |  2.2
Shapeshifting  | 4 |  4.0
Dodging        | |  2.0

Action                     |  1- 3 |  4- 6 || total
---------------------------+-------+-------++-------
  Melee: Unarmed           |    39 |    88 ||   127
         Constrict         |    12 |    18 ||    30
         Tentacles         |    11 |    12 ||    23
         Punch             |     3 |       ||     3
    Use: Potion            |       |     1 ||     1
   Stab: Sleeping          |     4 |     6 ||    10
 Armour: Skin              |    10 |    31 ||    41
  Dodge: Dodged            |    16 |    29 ||    45
